 Dungeon Crawl Stone Soup version 0.22-a0-128-gfbf05e55df (webtiles) character file.

28 Ordine the Magician (level 3, -1/19 HPs)
             Began as a Deep Elf Wizard on Jan 31, 2018.
             Slain by an adder (5 damage)
             ... on level 2 of the Dungeon.
             The game lasted 00:02:43 (804 turns).

Ordine the Magician (Deep Elf Wizard)                Turns: 804, Time: 00:02:43

Health: -1/19      AC:  2    Str:  4    XL:     3   Next: 0%
Magic:  0/11       EV: 13    Int: 23    God:
Gold:   74         SH:  0    Dex: 13    Spells: 8/11 levels left

rFire    . . .     SeeInvis .   (no weapon)
rCold    . . .     Gourm    .   (no shield)
rNeg     . . .     Faith    .   a - +0 robe
rPois    .         Spirit   .   b - +0 hat
rElec    .         Reflect  .   (no cloak)
rCorr    .         Harm     .   (no gloves)
MR       .....                  (no boots)
Stlth    ++........             (no amulet)
HPRegen  0.06/turn              (no ring)
MPRegen  0.12/turn              (no ring)

@: no status effects
A: no striking features
a: no special abilities


You were on level 2 of the Dungeon.
You were not hungry.

You visited 1 branch of the dungeon, and saw 2 of its levels.

You collected 74 gold pieces.

Inventory:

Armour
 a - a +0 robe (worn)
 b - a +0 hat (worn)
Scrolls
 h - a scroll of identify
Potions
 e - 3 potions of invisibility
 f - a potion of ambrosia
 g - a potion of curing
Books
 c - a book of Minor Magic

   Spells                             Type                      Level
   a - Magic Dart                     Conjuration                  1
   b - Blink                          Translocation                2
   c - Call Imp                       Summoning                    2
   d - Slow                           Hexes                        2
   e - Conjure Flame                  Conjuration/Fire             3
   f - Mephitic Cloud                 Conjuration/Poison/Air       3
Comestibles
 d - 3 rations
 j - 3 chunks of flesh


   Skills:
 + Level 2.9 Dodging
 - Level 3.0 Stealth
 + Level 4.7 Spellcasting
 * Level 2.2 Conjurations
   Level 1.1 Summonings
 + Level 1.1 Translocations


You had 8 spell levels left.
You knew the following spells:

 Your Spells              Type           Power        Failure   Level  Hunger
a - Magic Dart            Conj           ###.         4%          1    None
b - Blink                 Tloc           N/A          10%         2    None


Dungeon Overview and Level Annotations

Branches:
Dungeon (2/15)

Altars:
Ru


Message History

The adder misses you. The adder bites you.
You feel sick. The adder bites you but does no damage.
You feel sick.
Casting: Magic Dart (safe; 4% risk of failure)
Confirm with . or Enter, or press ? or * to list all spells.
You don't have enough magic to cast that spell.
Casting: Magic Dart (safe; 4% risk of failure)
Confirm with . or Enter, or press ? or * to list all spells.
Aiming: Magic Dart (safe; 4% risk of failure)
Press: ? - help, Shift-Dir - straight line, f/p - adder
Aim: an adder (heavily wounded)
The magic dart hits the adder.
The adder is heavily wounded.
The adder completely misses you. The adder barely misses you.
You feel sick.
You are no longer poisoned.
The adder bites you.
You die...

########## ###........#####
#..........#.... ########
#..........#.#.† #......#
#.........##.#..
#......####....####.##.#..
#....(............#.##.#..
#######.........S##.#........#..
#.......(......@.##.#...##.###..
#................##.#......#....
#.......####.....##.########.###
#.......# #......#.............
#.......# #......##########.##.
#.......# ###..#...####...#.##.
#.......# ##.###........#.##>
#.......# #.# ######...#.##.
######### #.# #...#.#..


You could see an adder.

Vanquished Creatures
  3 dart slugs (D:1)
  4 bats (D:1)
  A giant cockroach (D:2)
  3 goblins
  4 hobgoblins
  2 jackals (D:2)
  2 frilled lizards
  2 rats (D:1)
21 creatures vanquished.

Notes
Turn   | Place    | Note
-------+----------+-------------------------------------------
     0 | D:1      | Ordine the Deep Elf Wizard began the quest for the Orb.
     0 | D:1      | Reached XP level 1. HP: 10/10 MP: 7/7
   136 | D:1      | Reached XP level 2. HP: 15/15 MP: 0/9
   633 | D:2      | Learned a level 2 spell: Blink
   689 | D:2      | Found a sacrificial altar of Ru.
   778 | D:2      | Reached XP level 3. HP: 19/19 MP: 1/11
   804 | D:2      | Slain by an adder

Vault maps used:
D:1:      lightli_arrival_noodles, minmay_misc_feat_secret_circle,
          minmay_misc_feat_hallway
D:2:      lemuel_round_altar, first_ration, nicolae_ru_awakened_eye

Skill      XL: |  1  2 |
---------------+-------+-----
Conjurations   | 2 |  2.2
Stealth        | 3 |  3.0
Dodging        | |  2.9
Spellcasting   | |  4.7
Summonings     | |  1.1
Translocations | |  1.1

Action                   || total
-------------------------++-------
Melee: Unarmed           ||     1
 Cast: Magic Dart        ||    61
  Use: Scroll            ||     5
       Potion            ||     1
Armor: Robe              ||     6
Dodge: Dodged            ||    25

Table legend:
 A = Spawn XP
 B = Non-spawn XP
 C = Spawn XP percentage of total XP
 D = Spawn monster count
 E = Non-spawn monster count
 F = Spawn count percentage of total count
 G = Total turns spent on level
                    A         B        C        D         E        F      G
               +---------+---------+-------+---------+---------+-------+---------
         Total |       0 |      41 |   0.0 |       0 |      21 |   0.0 |   804
               +---------+---------+-------+---------+---------+-------+---------
           D:1 |       0 |      30 |   0.0 |       0 |      15 |   0.0 |   629
           D:2 |       0 |      11 |   0.0 |       0 |       6 |   0.0 |   175
               +---------+---------+-------+---------+---------+-------+---------
